 Dungeon Crawl Stone Soup version 0.23.2-40-g277498a001 (webtiles) character file.

Game seed: 14292447646347324231

54 Hubris the Magician (level 3, 0/24 HPs)
             Began as a Demonspawn Wizard on Aug 27, 2019.
             Slain by an orc priest
             ... wielding a +0 hand axe
              (10 damage)
             ... on level 2 of the Dungeon.
             The game lasted 00:07:46 (2226 turns).

Hubris the Magician (Demonspawn Wizard)             Turns: 2226, Time: 00:07:46

Health: 0/24       AC:  2    Str: 10    XL:     3   Next: 66%
Magic:  1/8        EV: 12    Int: 20    God:
Gold:   137        SH:  0    Dex: 11    Spells: 1/9 levels left

rFire    + . .     SeeInvis .   k - -3 long sword (curse)
rCold    . . .     Gourm    .   (no shield)
rNeg     . . .     Faith    .   a - +0 robe
rPois    .         Spirit   .   b - +0 hat
rElec    .         Reflect  .   (no cloak)
rCorr    .         Harm     .   (no gloves)
MR       .....                  (no boots)
Stlth    ++........             (no amulet)
HPRegen  0.08/turn              f - +3 ring of strength
MPRegen  0.11/turn              (no ring)

@: very slightly contaminated
A: fire resistance 1, flame cloud immunity
a: no special abilities


You were on level 2 of the Dungeon.
You were not hungry.

You visited 1 branch of the dungeon, and saw 2 of its levels.

You collected 137 gold pieces.

Inventory:

Hand Weapons
 e - a +0 dagger
 k - a cursed -3 long sword (weapon)
 q - a +2 hand axe of electrocution
Armour
 a - a +0 robe (worn)
 b - a +0 hat (worn)
Jewellery
 f - a +3 ring of strength (left hand)
Scrolls
 c - a scroll of random uselessness {unknown}
 g - 2 scrolls of immolation
 h - 4 scrolls of teleportation {unknown}
 j - a scroll of identify {unknown}
 m - a scroll of amnesia {unknown}
 n - a scroll of magic mapping {unknown}
 o - a scroll of remove curse {unknown}
 p - a scroll of enchant armour {unknown}
Potions
 i - a potion of agility {unknown}
 r - a potion of haste {unknown}
Comestibles
 d - 4 rations


   Skills:
 - Level 2.0 Dodging
 - Level 2.0 Stealth
 + Level 3.7 Spellcasting
 + Level 2.3 Conjurations
 - Level 1.0 Summonings
 - Level 0.8 Translocations


You had one spell level left.
You knew the following spells:

 Your Spells              Type           Power        Failure   Level  Hunger
a - Magic Dart            Conj           ##..         4%          1    None
b - Blink                 Tloc           N/A          14%         2    ##.....
c - Call Imp              Summ           #.......     13%         2    ##.....
e - Mephitic Cloud        Conj/Pois/Air  #.......     28%         3    ###....

Your spell library contained the following spells:

 Spells                   Type           Power        Failure   Level  Hunger
 Slow                     Hex            #.......     21%         2    ##.....
 Conjure Flame            Conj/Fire      #.......     24%         3    ###....


Dungeon Overview and Level Annotations

Branches:
Dungeon (2/15)

Altars:
Cheibriados
Makhleb


Innate Abilities, Weirdness & Mutations

Your flesh is heat resistant. (rF+)
You are immune to clouds of flame.


Message History

Beogh smites you!
Casting: Mephitic Cloud (safe; 28% risk of failure)
Confirm with . or Enter, or press ? or * to list all spells.
Aiming: Mephitic Cloud (safe; 28% risk of failure)
Press: ? - help, Shift-Dir - straight line The ball explodes into a vile cloud!
The stinking cloud engulfs the orc priest but does no damage.
The orc priest is engulfed in noxious fumes.
The orc priest appears confused.
Casting: Mephitic Cloud (safe; 28% risk of failure)
Confirm with . or Enter, or press ? or * to list all spells.
Aiming: Magic Dart (safe; 4% risk of failure)
Press: ? - help, Shift-Dir - straight line, f - orc priest
Aim: an orc priest, wielding a +0 hand axe and wearing a +0 scale mail (noxious fumes, confused)
The magic dart hits the orc priest.
The orc priest is lightly wounded.
The orc priest is engulfed in noxious fumes.
The orc priest appears confused.
The orc priest hits you with a +0 hand axe!
You die...

### #...........#..# ######.##
##.###.....###.#
......#.##############...#.## ##<
####.###.....##...## #......###..
#.....#.####.#.....# #..)#.#.#.##
.#.#.#.## #.......# ##.##.##.##
###..### ###.[...# #.......#
.#...# ##..<## ###...### #.####
####@#### #...# ### ####...o...#
#...# ##########...[..°##.# #...#
...#.....#.......##.#####...#####
##.#.###..........#..............
##.#.# #....)....................
.#.#.###......#.#..#.............
.#.#............#..######...#####
>..######.......#..######.o.#


You could see an orc priest (confused).

Vanquished Creatures
  2 oozes
  2 dart slugs (D:1)
  3 orcs
  A giant cockroach (D:1)
  5 goblins (D:1)
  4 hobgoblins
  3 jackals (D:2)
  A quokka (D:1)
  4 bats
  3 frilled lizards
  6 kobolds
  2 rats (D:1)
36 creatures vanquished.

Notes
Turn   | Place    | Note
-------+----------+-------------------------------------------
     0 | D:1      | Hubris the Demonspawn Wizard began the quest for the Orb.
     0 | D:1      | Reached XP level 1. HP: 13/13 MP: 4/4
   207 | D:1      | Gained mutation: Your flesh is heat resistant. (rF+)
                  | [demonic ancestry]
   207 | D:1      | Reached XP level 2. HP: 19/19 MP: 0/6
   744 | D:1      | Gained mutation: You are immune to clouds of flame.
                  | [demonic ancestry]
   744 | D:1      | Reached XP level 3. HP: 24/24 MP: 1/7
  1028 | D:2      | Learned a level 2 spell: Blink
  1031 | D:2      | Learned a level 2 spell: Call Imp
  1035 | D:2      | Learned a level 3 spell: Mephitic Cloud
  1089 | D:2      | Found a snail-covered altar of Cheibriados.
  1270 | D:2      | Noticed an ice beast
  1351 | D:2      | Found a burning altar of Makhleb.
  2226 | D:2      | Slain by an orc priest

Skill      XL: |  1  2 |
---------------+-------+-----
Dodging        | 2 |  2.0
Stealth        | 2 |  2.0
Conjurations   | 2 |  2.3
Spellcasting   | |  3.7
Summonings     | |  1.0
Translocations | |  0.8

Action                   || total
-------------------------++-------
Melee: Dagger            ||    21
       Unarmed           ||     5
       Long sword        ||    23
 Cast: Magic Dart        ||    85
       Mephitic Cloud    ||     2
  Use: Scroll            ||     1
 Stab: Sleeping          ||     1
  Eat: Chunk             ||     4
Armor: Robe              ||     6
Dodge: Dodged            ||    63
       Rpst.: Long sword ||    12
